 Dungeon Crawl Stone Soup version 0.30.1-4-g462c640d31 (webtiles) character file.

Game seed: 10340415028795866514

1091 Mune the Destroyer (level 8, 0/41 HPs)
             Began as a Gargoyle Fire Elementalist on Aug 20, 2023.
             Was a Follower of Sif Muna.
             Slain by a gnoll
             ... wielding a +0 flail
             ... led by a gnoll bouda
              (9 damage)
             ... on level 6 of the Dungeon.
             The game lasted 00:11:54 (7149 turns).

Mune the Destroyer (Gargoyle Fire Elementalist)     Turns: 7149, Time: 00:11:55

Health: 0/41       AC: 12    Str: 15    XL:     8   Next: 31%
Magic:  10/11      EV: 11    Int: 20    God:    Sif Muna [*.....]
Gold:   336        SH:  0    Dex: 10    Spells: 4/11 levels left

rFire   . . .        y - +10 rapier of Victory {heavy, Str+2 Int+3}
rCold   . . .        (no shield)
rNeg    + . .        a - +2 robe
rPois   ∞            o - +2 helmet
rElec   +            (no cloak)
rCorr   .            (no gloves)
SInv    .            (no boots)
Will    .....        (no amulet)
Stlth   ++           (no ring)
HPRegen 0.26/turn    (no ring)
MPRegen 0.12/turn

%: no passive effects
@: weakened, attractive
A: sickness immunity, AC +5, negative energy resistance 1, electricity
resistance, torment resistance 1, petrification resistance
a: Renounce Religion, Channel Magic


You were on level 6 of the Dungeon.
You worshipped Sif Muna.
Sif Muna was aware of your devotion.
You visited 2 branches of the dungeon, and saw 7 of its levels.
You also visited: Sewer.

You collected 336 gold pieces.

Inventory:

Hand Weapons
 y - the +10 rapier of Victory (weapon) {heavy, Str+2 Int+3}
   (You found it on level 5 of the Dungeon)

   Str:       It affects your strength (+2).
   Int:       It affects your intelligence (+3).
Armour
 a - a +2 robe (worn)
 o - a +2 helmet (worn)
Wands
 p - a wand of flame (18)
Scrolls
 d - a scroll of poison {unknown}
 e - 3 scrolls of immolation
 f - a scroll of fog {unknown}
 g - 4 scrolls of brand weapon
 j - 2 scrolls of magic mapping
 k - 2 scrolls of blinking {unknown}
 l - a scroll of vulnerability
 q - 3 scrolls of teleportation
 t - 2 scrolls of butterflies {unknown}
 u - 2 scrolls of fear {unknown}
 w - 2 scrolls of identify
 x - 2 scrolls of amnesia {unknown}
Potions
 b - 2 potions of magic
 c - 2 potions of ambrosia
 h - 2 potions of degeneration {unknown}
 i - 2 potions of curing {unknown}
 m - a potion of attraction
 n - a potion of brilliance {unknown}
 r - 2 potions of might {unknown}
 s - 2 potions of lignification {unknown}
 v - a potion of invisibility {unknown}


   Skills:
 - Level 1.5 Dodging
 - Level 2.1 Stealth
 - Level 2.0 Spellcasting
 + Level 10.4 Conjurations
 - Level 3.0 Fire Magic


You had 4 spell levels left.
You knew the following spells:

 Your Spells              Type           Power      Damage    Failure   Level
a - Foxfire               Conj/Fire      100%       2x1d9     1%          1
b - Scorch                Fire           28%        2d6       7%          2
c - Flame Wave            Conj/Fire      28%        2d9       10%         4

Your spell library contained the following spells:

 Spells                   Type           Power      Damage    Failure   Level
 Mephitic Cloud           Conj/Pois/Air  15%        N/A       12%         3
 Blink                    Tloc           4%         N/A       24%         2
 Ensorcelled Hibernation  Hex/Ice        4%         N/A       24%         2
 Passwall                 Tmut/Erth      1%         N/A       24%         2
 Poisonous Vapours        Pois/Air       4%         N/A       24%         2
 Inner Flame              Hex/Fire       8%         N/A       26%         3
 Volatile Blastmotes      Fire/Tloc      16%        2d11      26%         3
 Swiftness                Air            2%         N/A       43%         3
 Vhi's Electric Charge    Tloc/Air       4%         N/A       43%         3
 Manifold Assault         Tloc           2%         N/A       83%         4
 Arcjolt                  Conj/Air       11%        1d21      45%         5
 Freezing Cloud           Conj/Ice/Air   7%         6-21      71%         5
 Plasma Beam              Fire/Air       4%         2x1d15    100%        6
 Storm Form               Tmut/Air       1%         N/A       100%        7


Dungeon Overview and Level Annotations

Branches:
Dungeon (6/15)             Temple (1/1) D:4           Sewer (visited)

Altars:
Fedhas
Gozag
Hepliaklqana
Kikubaaqudgha
Makhleb
Nemelex Xobeh
Okawaru
Qazlal
Ru
Sif Muna
Trog
Uskayaw
Xom
Yredelemnul
Zin

Shops:
D:5 (


Innate Abilities, Weirdness & Mutations

You are immune to sickness and miasma.
Your stone body is resilient. (AC +5)
You are immune to poison.
You resist negative energy. (rN+)
You are resistant to electric shocks. (rElec)
You are resistant to unholy torment.
You are immune to petrification.


Message History

The gnoll completely misses you. The gnoll barely misses you.
The gnoll bouda mumbles some strange prayers to its god.
The gnoll bouda is healed somewhat.
You're too confused to cast spells.
Okay, then.
You're too confused to cast spells.
Okay, then.
You're too confused to cast spells.
You're too confused to move!
The gnoll closely misses you. The gnoll hits you with a +0 halberd.
The gnoll bouda barely misses you.
You closely miss the gnoll bouda.
The gnoll bouda is severely wounded.
The gnoll hits you but does no damage. The gnoll misses you.
The gnoll bouda barks out a call to the hunt!
The gnoll picks up the pace!
The gnoll barely misses you. The gnoll closely misses you.
The gnoll attacks as you move away! The gnoll hits you with a +0 halberd!
The gnoll hits you from afar with a +0 halberd.
You feel less invigorated.
You feel less confused.
You puncture the gnoll!
The gnoll is severely wounded.
The gnoll is no longer moving quickly.
The gnoll bouda closely misses you. The gnoll hits you but does no damage.
The gnoll bouda misses you. The gnoll hits you with a +0 flail!
* * * LOW HITPOINT WARNING * * *
The gnoll hits you but does no damage.
It was a potion of attraction.
You feel attractive to monsters.
The gnoll bouda hits you with a +0 whip.
* * * LOW HITPOINT WARNING * * *
The gnoll closely misses you. The gnoll barely misses you.
The gnoll is attracted toward you.
Casting: Foxfire (safe; 1% risk of failure)
Confirm with . or Enter, or press ? or * to list all spells.
You conjure some foxfire!
The gnoll bouda hits you with a +0 whip.
* * * LOW HITPOINT WARNING * * *
The gnoll barely misses you. The gnoll hits you with a +0 flail!
You die...

#.........## ###..#
#...........##....# #...
................### .#.#
...............)## .....
............##...##.....
............ ##.........
.............#..........
......>)ggv......
....##.§g@.......
.#...)...v....##.
##.)...[.....#
#.##...#..#.# #..
##.##..### ... ... ...
.. ##.# #... .. ....


You could see a gnoll bouda and 2 gnolls.

Vanquished Creatures
  A water moccasin (D:4)
  An ice beast (D:5)
  An ogre (D:6)
  A centaur (D:5)
  A phantom (D:4)
  A scorpion (D:5)
  A hound (D:5)
  3 jellies
  2 orc priests (D:5)
  Jessica (D:3)
  Crazy Yiuf (D:3)
  2 iguanas
  An orc wizard (D:5)
  A hell rat (Sewer)
  Robin (D:3)
  3 gnolls (D:6)
  6 adders
  3 river rats (Sewer)
  A shadow imp (D:5)
  An ufetubus (D:5)
  2 worms
  4 dart slugs
  17 orcs
  2 endoplasms
  6 giant cockroaches
  15 goblins
  5 hobgoblins
  11 jackals
  6 quokkas
  9 ball pythons
  5 bats
  3 frilled lizards
  7 kobolds
  13 rats
138 creatures vanquished.

Vanquished Creatures (collateral kills)
  A foxfire (D:2)
1 creature vanquished.

Vanquished Creatures (others)
  588 foxfires
588 creatures vanquished.

Grand Total: 727 creatures vanquished

Notes
Turn   | Place    | Note
-------+----------+-------------------------------------------
     0 | D:1      | Mune the Gargoyle Fire Elementalist began the quest for the
                  | Orb.
     0 | D:1      | Reached XP level 1. HP: 10/10 MP: 3/3
   208 | D:1      | Reached skill level 2 in Conjurations
   208 | D:1      | Reached XP level 2. HP: 2/15 MP: 1/5
   821 | D:1      | Reached skill level 3 in Conjurations
   882 | D:1      | Reached XP level 3. HP: 19/19 MP: 3/6
  2170 | D:2      | Reached skill level 4 in Conjurations
  2170 | D:2      | Reached XP level 4. HP: 24/24 MP: 1/7
  2556 | D:3      | Noticed Robin
  2654 | D:3      | Killed Robin
  2737 | D:3      | Noticed Jessica
  2741 | D:3      | Killed Jessica
  2742 | D:3      | Reached skill level 5 in Conjurations
  2742 | D:3      | Reached XP level 5. HP: 28/28 MP: 0/8
  3917 | D:3      | Found a runed translucent door.
  3921 | D:3      | Learned a level 2 spell: Scorch
  3921 | D:3      | Noticed Crazy Yiuf
  3965 | D:4      | Noticed a phantom
  3972 | D:4      | Killed a phantom
  3973 | D:4      | Reached skill level 6 in Conjurations
  3973 | D:4      | Reached XP level 6. HP: 27/32 MP: 1/9
  4089 | D:4      | Found a sparkling altar of Nemelex Xobeh.
  4100 | D:4      | Noticed a water moccasin
  4112 | D:4      | Killed a water moccasin
  4113 | D:4      | Reached skill level 7 in Conjurations
  4558 | D:4      | Found a staircase to the Ecumenical Temple.
  4565 | Temple   | Entered the Ecumenical Temple
  4653 | Temple   | Became a worshipper of Sif Muna the Loreminder
  5281 | D:3      | Killed Crazy Yiuf
  5282 | D:3      | Reached XP level 7. HP: 33/36 MP: 2/10
  5353 | D:5      | Entered Level 5 of the Dungeon
  5440 | D:5      | Reached skill level 8 in Conjurations
  5472 | D:5      | Found Risu's Antique Weapon Shop.
  5632 | D:5      | Found a glowing drain.
  5636 | Sewer    | Entered a sewer
  5799 | Sewer    | Reached * piety under Sif Muna
  5948 | D:5      | Reached skill level 9 in Conjurations
  6548 | D:5      | Reached XP level 8. HP: 41/41 MP: 3/11
  6673 | D:5      | Reached skill level 10 in Conjurations
  6770 | D:5      | Identified the +10 rapier of Victory {heavy, Str+2 Int+3}
  6919 | D:6      | Learned a level 4 spell: Flame Wave
  7149 | D:6      | Slain by a gnoll

Illustrated notes

Levels and vault maps discovered:
D:1:      dpeg_arrival_rooms_c, layout_basic
D:2:      layout_basic, minmay_misc_feat_ornament, chequers_big_river
D:3:      layout_basic, uniq_crazy_yiuf_cottage, uniq_robin, uniq_jessica
D:4:      layout_cave_pools, nemelex_spade_bored_becter,
          minmay_temple_entry_nine_rooms, skrybe_limestone_x
D:5:      layout_loops_ring, serial_shops, shop_statue, gup_sewer_entry_bowl
D:6:      layout_cave_pools, serial_column_ruins, column_ruins_hut,
          column_ruins_circle_large, column_ruins_columns_straight,
          column_ruins_columns_straight, column_ruins_columns_straight,
          column_ruins_open_tiny, column_ruins_grid_1
Temple:   nicolae_temple_great_sept

Skill      XL: |  1  2  3  4  5  6  7  8 |
---------------+-------------------------+-----
Conjurations   | 2 3 4 5 6 7 9 10 | 10.4
Dodging        | |  1.5
Stealth        | |  2.1
Spellcasting   | |  2.0
Fire Magic     | |  3.0

Action                     |  1- 3 |  4- 6 |  7- 9 || total
---------------------------+-------+-------+-------++-------
  Melee: Unarmed           |    10 |       |       ||    10
         Dagger            |     7 |    15 |       ||    22
         Rapier            |       |       |     7 ||     7
   Cast: Foxfire           |    90 |   138 |   126 ||   354
         Scorch            |       |     3 |       ||     3
    Use: Scroll            |       |       |    10 ||    10
         Potion            |       |       |     2 ||     2
 Armour: Robe              |    10 |    14 |    18 ||    42
  Dodge: Dodged            |    26 |    21 |    45 ||    92
